 Dungeon Crawl Stone Soup version 0.23.2-30-g0e89c35649 (webtiles) character file.

Game seed: 13052309908217477153

66095 troglodite the Reanimator (level 14, -7/108 HPs)
             Began as a Deep Dwarf Necromancer on June 19, 2019.
             Was the Champion of Hepliaklqana.
             Mangled by a wolf spider (17 damage)
             ... on level 1 of the Spider Nest on June 20, 2019.
             The game lasted 02:57:00 (29890 turns).

troglodite the Reanimator (Deep Dwarf Necromancer) Turns: 29890, Time: 02:57:00

Health: -7/108     AC: 17    Str: 12    XL:     14   Next: 77%
Magic:  1/17 (8)   EV: 17    Int: 21    God:    Hepliaklqana [******]
Gold:   2077       SH:  6    Dex: 17    Spells: 23/33 levels left

rFire    . . .     SeeInvis .   a - staff of death
rCold    . . .     Gourm    .   s - +0 buckler
rNeg     + + .     Faith    .   Q - +2 leather armour {rPois}
rPois    +         Spirit   .   d - +2 helmet
rElec    .         Reflect  .   x - +2 cloak
rCorr    .         Harm     .   N - +2 pair of gloves
MR       ++...                  k - +2 pair of boots
Stlth    +++++.....             (no amulet)
HPRegen  0.00/turn              u - ring of stealth
MPRegen  0.15/turn              L - ring "Yritolus" {*Contam *Slow +Blink rPois MP+9 Dex+4}

@: non-regenerating
A: damage resistance, heal wounds, reduced essence, negative energy resistance
1, sense surroundings 2, no regeneration
a: Heal Wounds, Recall Ancestor, Ancestor Identity, Transference, Idealise,
Renounce Religion, Evoke Blink


You were on level 1 of the Spider Nest.
You worshipped Hepliaklqana.
Hepliaklqana was exalted by your worship.
You were not hungry.

You visited 5 branches of the dungeon, and saw 21 of its levels.
You also visited: Sewer and Bailey.

You collected 2357 gold pieces.
You spent 280 gold pieces at shops.

Inventory:

Hand Weapons
 i - the +12 hand axe of Modesty {chop, rN+ SInv Stlth-}
   (You found it on level 10 of the Dungeon)

   It inflicts extra damage upon your enemies.
   It protects you from negative energy.
   It lets you see invisible.
   It makes you less stealthy.
Missiles
 w - 125 sling bullets
Armour
 d - a +2 helmet (worn)
 k - a +2 pair of boots (worn)
 s - a +0 buckler (worn)
 x - a +2 cloak (worn)
 D - a scarf of resistance
 N - a +2 pair of gloves (worn)
 Q - a +2 leather armour of poison resistance (worn)
 S - the +0 helmet of the Thirsty Ships {rCorr Int+2}
   (You found it on level 4 of the Lair of Beasts)

   It affects your intelligence (+2).
   It provides partial protection from all sources of acid and corrosion.
Magical Staves
 a - an uncursed staff of death (weapon)
Jewellery
 u - a ring of stealth (left hand)
 H - an uncursed ring of ice
 L - the ring "Yritolus" (right hand) {*Contam *Slow +Blink rPois MP+9 Dex+4}
   (You found it on level 9 of the Dungeon)

   [ring of magical power]

   It affects your dexterity (+4).
   It protects you from poison.
   It affects your magic capacity (+9).
   It lets you blink.
   It causes magical contamination when unequipped.
   It may slow you when you take damage.
Wands
 p - a wand of polymorph (21)
 y - a wand of random effects (13)
 G - a wand of iceblast (13)
 I - a wand of paralysis (8)
 M - a wand of clouds (12)
 P - a wand of enslavement (8)
 R - a wand of flame (12)
 T - a wand of acid (8)
Scrolls
 e - 10 scrolls of fear
 l - 2 scrolls of blinking
 n - a scroll of magic mapping
 r - 6 scrolls of remove curse
 z - 2 scrolls of immolation
 A - 3 scrolls of amnesia
 B - 2 scrolls of enchant weapon
 F - 4 scrolls of fog
 O - 3 scrolls of identify
Potions
 b - 5 potions of agility
 f - 6 potions of curing
 g - 2 potions of invisibility
 h - 2 potions of lignification
 m - 5 potions of haste
 q - a potion of brilliance
 t - 4 potions of mutation
 v - a potion of ambrosia
 C - 4 potions of flight
 E - a potion of cancellation {unknown}
 J - a potion of might
 K - 2 potions of magic
Comestibles
 c - 31 rations


   Skills:
 * Level 6.2 Fighting
   Level 0.5(1.5) Short Blades
   Level 2.6 Long Blades
 + Level 3.4 Axes
 * Level 6.4 Staves
   Level 6.0 Slings
 + Level 2.8 Armour
 * Level 8.2 Dodging
 * Level 9.8 Stealth
 * Level 7.2 Shields
 * Level 10.2 Spellcasting
 * Level 13.3 Necromancy
 * Level 4.3 Transmutations
 * Level 7.1 Earth Magic
 * Level 7.8 Invocations
 * Level 8.2 Evocations


You had 23 spell levels left.
You knew the following spells:

 Your Spells              Type           Power        Failure   Level  Hunger
a - Pain                  Necr           ####         1%          1    None
b - Vampiric Draining     Necr           #######...   1%          3    None
c - Animate Dead          Necr           N/A          1%          4    ##.....
d - Passwall              Tmut/Erth      ####....     1%          2    None

Your spell library contained the following spells:

 Spells                   Type           Power        Failure   Level  Hunger
 Animate Skeleton         Necr           N/A          1%          1    None
 Apportation              Tloc           ##....       9%          1    None
 Confusing Touch          Hex            ##....       9%          1    None
 Shock                    Conj/Air       ##..         9%          1    None
 Summon Small Mammal      Summ           ##..         9%          1    None
 Poisonous Vapours        Pois/Air       ##....       12%         2    None
 Ignite Poison            Fire/Tmut/Pois ###.....     13%         3    None
 Summon Lightning Spire   Summ/Air       ##......     63%         4    ##.....
 Alistair's Intoxication  Tmut/Pois      ###.....     67%         5    ####...
 Irradiate                Conj/Tmut      ###.......   67%         5    ####...
 Fireball                 Conj/Fire      ##........   92%         5    ####...
 Bolt of Fire             Conj/Fire      ##........   100%        6    ######.
 Ring of Flames           Chrm/Fire      ##........   100%        7    #######
 Ignition                 Fire           ##........   100%        8    #######
 Regeneration             Chrm/Necr      Unusable     N/A         3    N/A

Dungeon Overview and Level Annotations

Branches:
Dungeon (11/15)            Temple (1/1) D:4            Lair (6/6) D:11
  Swamp (0/4) Lair:2       Spider (1/4) Lair:2        Slime (0/5) Lair:6
    Orc (2/2) D:11            Elf (0/3) Orc:2

Altars:
Ashenzari
Cheibriados
Dithmenos
Elyvilon
Fedhas
Gozag
Hepliaklqana
Kikubaaqudgha
Makhleb
Nemelex Xobeh
Okawaru
Qazlal
Ru
Sif Muna
Trog
Uskayaw
Vehumet
Wu Jian
Xom
Yredelemnul
Zin
The Shining One
Jiyva

Shops:
D:6 [   Orc:2 ?!**

Annotations:
D:8 1 runed translucent door, DKeggars's ghost, novice GrEE
D:9 2 runed translucent doors
Lair:1 exclusion: 3 oklob plants
Lair:4 2 transporters, Hiywul's ghost, journeyman MiHu
Spider:1 2 runed translucent doors, RatmanManrat's ghost, journeyman MiBe


Innate Abilities, Weirdness & Mutations

You are resistant to damage.
You can heal yourself by infusing magical energy.
You resist negative energy. (rN+)
You passively map the area around you.
You do not regenerate.
Your life essence is reduced to manifest your ancestor. (-10% HP)


Message History

* * * LOW HITPOINT WARNING * * *
You block the wolf spider's attack.
You hit the wolf spider.
The wolf spider writhes in agony!
The wolf spider is severely wounded.
You block the wolf spider's attack.
The wolf spider bites you but does no damage.
You block the wolf spider's attack.
The wolf spider bites you but does no damage.
You closely miss the wolf spider.
The wolf spider is severely wounded.
The wolf spider hits you but does no damage.
The wolf spider closely misses you.
You closely miss the wolf spider.
The wolf spider is severely wounded.
The wolf spider misses you. x2
You hit the wolf spider but do no damage.
The wolf spider writhes in agony!
The wolf spider is almost dead.
The wolf spider hits you!!
You die...

*≈≈.....##.^.......##
≈≈................#,,
*
#≈#.............^..*
# #^...........#...
,,,
##≈.........###### ,
#≈..........# ≈#.# ,
####....(...# ≈=..#.
##...s....# #..$≈.#
#..^.@....# .⌠.#≈.#
##..#.....# W.≈..≈.*
,
#≈#......####++###*,,
#≈≈≈.#≈#...........
#≈≈≈≈#.............
#≈≈≈≈#........^.... ,
##≈≈≈≈$............ ,
###≈≈....!.....#..,,
#####..........#


You could see a wolf spider.

Vanquished Creatures
  Jorgrun (Orc:2)
  The ghost of grocchini the Fighter, a journeyman OgBe of Trog (D:11)
  Josephine (D:11)
  2 hydras
  3 catoblepae
  2 two-headed ogres (D:8)
  A death knight (D:11)
  An orc high priest (Orc:2)
  Sonja (Lair:1)
  A fire crab (Lair:6)
  An orc knight (Bailey)
  An oklob plant (D:11)
  2 wolf spiders
  6 orc sorcerers
  An ugly thing (D:9)
  2 manticores (Lair:4)
  A cyclops (D:11)
  2 spectral centaurs (D:11)
  5 black mambas
  22 spiny frogs
  3 elephants (Lair:4)
  A rime drake (Lair:6)
  5 komodo dragons
  A freezing wraith (D:11)
  2 jumping spiders (Spider:1)
  A queen bee (D:7)
  A troll (Orc:1)
  A hornet (D:10)
  4 tyrant leeches (Lair:6)
  20 blink frogs
  6 hippogriffs
  3 redbacks
  9 wraiths
  A vampire (D:10)
  3 tarantellas (Spider:1)
  26 yaks
  2 basilisks
  4 wargs
  3 vampire mosquitoes (Lair:6)
  3 insubstantial wisps (Lair:2)
  9 water moccasins
  6 porcupines
  17 orc warriors
  2 black bears
  2 ice beasts (D:11)
  5 ogres
  A phantom (D:5)
  4 wolves (Lair:6)
  A necrophage (D:11)
  3 centaurs
  11 crocodiles
  A big kobold (D:10)
  14 bullfrogs
  A wyvern zombie (D:11)
  A wyvern skeleton (D:10)
  2 scorpions
  26 killer bees
  3 wights
  5 howler monkeys
  2 crimson imps
  A wyvern simulacrum (D:11)
  2 centaur zombies (D:8)
  3 bullfrog zombies
  5 hounds
  3 jellies
  24 orc wizards
  A centaur skeleton (D:9)
  17 orc priests
  A bullfrog skeleton (D:5)
  Crazy Yiuf (D:2)
  4 iguanas
  3 hexers
  2 worker ants
  Robin (D:2)
  3 gnolls (D:2)
  A howler monkey skeleton (D:4)
  A river rat (D:4)
  11 adders
  A shadow imp (D:7)
  2 oozes
  2 adder skeletons
  10 worms
  A dart slug (D:4)
  A leopard gecko (D:4)
  80 orcs
  5 ball pythons
  4 bats
  A giant cockroach (D:2)
  20 goblins
  4 hobgoblins
  16 jackals
  A quokka (D:4)
  6 frilled lizards
  21 kobolds
  14 rats
  A spectral orc (D:2)
  3 plants
549 creatures vanquished.

Vanquished Creatures (collateral kills)
  A hydra (Lair:6)
  Harold (Lair:1)
  A two-headed ogre (D:10)
  An orc high priest (Orc:2)
  An orc knight (Bailey)
  An orb spider (Spider:1)
  An orc sorcerer (Orc:2)
  Psyche (D:9)
  A black mamba (Lair:5)
  7 spiny frogs
  2 trolls
  Grinder (D:4)
  10 blink frogs
  3 hippogriffs
  4 dream sheep (Lair:6)
  A redback (Lair:2)
  10 yaks
  A steam dragon (D:7)
  3 vampire mosquitoes (Lair:6)
  A hungry ghost (D:8)
  An insubstantial wisp (Lair:2)
  3 wargs (Orc:1)
  4 water moccasins
  9 orc warriors
  An ice beast (D:10)
  A sky beast (D:5)
  A phantom (D:9)
  A necrophage (D:10)
  3 ogres
  2 crocodiles
  9 bullfrogs
  A water moccasin zombie (D:8)
  A scorpion (D:7)
  11 killer bees
  2 wights (D:7)
  2 howler monkeys
  An electric eel (Lair:6)
  A crimson imp (D:5)
  A bullfrog zombie (D:10)
  6 orc priests
  2 hounds
  A bullfrog skeleton (D:11)
  An iguana (D:7)
  11 orc wizards
  A worker ant (D:10)
  A worker ant zombie (D:7)
  2 adders
  A shadow imp (D:9)
  A worm (D:6)
  16 orcs
  A ball python skeleton (D:5)
  A kobold (D:10)
  A leopard gecko skeleton (D:6)
  A bush (Lair:1)
  6 fungi
  5 plants
165 creatures vanquished.

Vanquished Creatures (others)
  A hippogriff (D:9)
  A wolf (Lair:6)
  An orc wizard (Orc:2)
  30 hexers
  An orc (Orc:2)
  12 fungi
  70 plants
116 creatures vanquished.

Grand Total: 830 creatures vanquished

Notes
Turn   | Place    | Note
-------+----------+-------------------------------------------
     0 | D:1      | troglodite the Deep Dwarf Necromancer began the quest for
                  | the Orb.
     0 | D:1      | Reached XP level 1. HP: 15/15 MP: 3/3
   109 | D:1      | Reached XP level 2. HP: 22/22 MP: 2/4
  1081 | D:2      | Reached skill level 5 in Necromancy
  1108 | D:2      | Reached XP level 3. HP: 30/30 MP: 3/6
  1116 | D:2      | Learned a level 3 spell: Vampiric Draining
  1222 | D:2      | Found a stormy altar of Qazlal.
  1537 | D:2      | Reached XP level 4. HP: 25/37 MP: 2/8
  1594 | D:2      | Learned a level 4 spell: Animate Dead
  2083 | D:2      | Noticed Robin
  2324 | D:2      | Killed Robin
  2338 | D:2      | Reached XP level 5. HP: 39/43 MP: 1/9
  2739 | D:2      | Found a runed translucent door.
  2740 | D:2      | Noticed Crazy Yiuf
  2753 | D:2      | Killed Crazy Yiuf
  2753 | D:2      | Reached skill level 1 in Fighting
  2830 | D:2      | Found a basalt altar of Yredelemnul.
  3001 | D:3      | Reached skill level 1 in Shields
  3354 | D:3      | Found a shattered altar of Ashenzari.
  3382 | D:3      | Found a blossoming altar of Fedhas.
  3875 | D:3      | Found an iron altar of Okawaru.
  4082 | D:4      | Found a sparkling altar of Nemelex Xobeh.
  4092 | D:4      | Reached XP level 6. HP: 50/51 MP: 1/11
  4304 | D:4      | Found a glowing drain.
  4317 | Sewer    | Entered a sewer
  4740 | D:4      | Found a staircase to the Ecumenical Temple.
  4751 | D:4      | Reached skill level 6 in Necromancy
  4763 | Temple   | Entered the Ecumenical Temple
  4800 | D:4      | Reached skill level 1 in Slings
  5151 | Temple   | Became a worshipper of Hepliaklqana the Forgotten
  5531 | D:4      | You fall through a shaft!
  5531 | D:5      | Entered Level 5 of the Dungeon
  5583 | D:5      | Reached XP level 7. HP: 51/51 MP: 7/12
  5700 | D:4      | Found a snail-covered altar of Cheibriados.
  5755 | D:4      | Noticed Grinder
  5756 | D:4      | Found a sacrificial altar of Ru.
  5773 | D:4      | Killed Grinder
  5773 | D:4      | Reached skill level 1 in Long Blades
  5773 | D:4      | Reached skill level 1 in Staves
  5880 | D:5      | Reached XP level 8. HP: 35/60 MP: 2/14
  6014 | D:5      | Reached * piety under Hepliaklqana
  6028 | D:5      | Found a sparkling altar of Nemelex Xobeh.
  6583 | D:6      | Found a shimmering altar of Xom.
  6837 | D:6      | Found a stormy altar of Qazlal.
  6844 | D:6      | Reached skill level 7 in Necromancy
  6968 | D:6      | Found a radiant altar of Vehumet.
  7338 | D:6      | Reached ** piety under Hepliaklqana
  7339 | D:6      | Remembered your ancestor Melek as a hexer
  7392 | D:6      | Reached skill level 5 in Spellcasting
  7610 | D:6      | Found Irujolef's Antique Armour Shop.
  7619 | D:6      | Bought a steaming leather armour for 168 gold pieces
  7629 | D:6      | Identified the cursed +0 leather armour of Refuge {-Cast
                  | rN+ rCorr Str+2} (You bought it in a shop on level 6 of the
                  | Dungeon)
  8092 | D:7      | Found a glowing golden altar of the Shining One.
  8092 | D:7      | Found a sacrificial altar of Ru.
  8163 | D:7      | Found a flagged portal.
  8172 | Bailey   | Entered a bailey
  8417 | Bailey   | Noticed an orc knight
  8588 | Bailey   | Noticed an orc knight
  8604 | Bailey   | Killed an orc knight
  8604 | Bailey   | Reached skill level 5 in Stealth
  8604 | Bailey   | Reached skill level 8 in Necromancy
  8604 | Bailey   | Gained mutation: You passively map the area around you.
                  | [Deep Dwarf growth]
  8604 | Bailey   | Reached XP level 9. HP: 48/66 MP: 3/17
  8701 | Bailey   | Killed an orc knight
  9150 | D:7      | Found a hide-covered altar of Uskayaw.
  9626 | D:7      | Reached skill level 9 in Necromancy
  9755 | D:7      | Reached *** piety under Hepliaklqana
  9769 | D:7      | Reached skill level 1 in Evocations
  9948 | D:7      | Reached XP level 10. HP: 70/75 MP: 15/19
 11212 | D:7      | Reached skill level 1 in Invocations
 11355 | D:8      | Noticed a two-headed ogre
 11373 | D:8      | Killed a two-headed ogre
 11390 | D:8      | Found a runed translucent door.
 11404 | D:8      | Noticed DKeggars's ghost (novice GrEE)
 11420 | D:8      | Found a white marble altar of Elyvilon.
 12420 | D:7      | Reached skill level 5 in Dodging
 12549 | D:8      | Noticed a two-headed ogre
 12579 | D:8      | Killed a two-headed ogre
 12828 | D:9      | Found a runed translucent door.
 12829 | D:9      | Found the +2 shield of Resistance {rF+ rC+ MR+}
 12829 | D:9      | Noticed an ice dragon
 12829 | D:9      | Noticed an ice dragon
 12830 | D:9      | Noticed a fire dragon
 12831 | D:9      | Noticed a fire dragon
 12845 | D:9      | Found a runed translucent door.
 12888 | D:9      | Got a fine jade ring
 12889 | D:9      | Identified the ring "Yritolus" {*Contam *Slow +Blink rPois
                  | MP+9 Dex+4} (You found it on level 9 of the Dungeon)
 12925 | D:9      | Noticed Psyche
 12934 | D:9      | Paralysed by something for 7 turns
 12936 | D:9      | Noticed a purple ugly thing
 12952 | D:9      | Killed a red ugly thing
 12952 | D:9      | Reached skill level 5 in Shields
 12952 | D:9      | Reached XP level 11. HP: 32/81 MP: 11/21
 12957 | D:9      | Killed Psyche
 12992 | D:9      | Reached skill level 10 in Necromancy
 13298 | D:9      | Found a burning altar of Makhleb.
 13359 | D:9      | Reached **** piety under Hepliaklqana
 13543 | D:8      | Found the +5 scythe "Finisher" {speed, eviscerate}
 13937 | D:10     | Entered Level 10 of the Dungeon
 14070 | D:10     | Got an ichor-stained hand axe
 14071 | D:10     | Identified the +12 hand axe of Modesty {chop, rN+ SInv
                  | Stlth-} (You found it on level 10 of the Dungeon)
 14176 | D:10     | Identified the Guide on Cloudy Transmutation
 14181 | D:10     | Learned a level 2 spell: Passwall
 14309 | D:10     | Reached skill level 1 in Earth Magic
 14772 | D:10     | Noticed a two-headed ogre
 14782 | D:10     | Killed a two-headed ogre
 14784 | D:10     | Reached skill level 5 in Slings
 15309 | D:11     | Noticed a death knight
 15538 | D:11     | Found a staircase to the Orcish Mines.
 15659 | D:11     | Found a staircase to the Lair.
 15659 | D:11     | Noticed an oklob plant
 15803 | D:11     | Killed an oklob plant
 15825 | D:11     | Found a runed translucent gate.
 15832 | D:11     | Found a runed translucent gate.
 15838 | D:11     | Found a runed translucent gate.
 15847 | D:11     | Noticed grocchini's ghost (journeyman OgBe)
 15863 | D:11     | Reached skill level 1 in Axes
 15910 | D:11     | Reached skill level 1 in Transmutations
 16150 | D:11     | Noticed Josephine
 16407 | D:11     | Reached skill level 1 in Armour
 16484 | D:11     | Killed grocchini's ghost
 16564 | D:11     | Killed a death knight
 16603 | D:11     | Reached XP level 12. HP: 72/90 MP: 16/16
 16672 | D:11     | Killed Josephine
 16858 | Orc:1    | Entered Level 1 of the Orcish Mines
 17019 | Orc:1    | Reached ***** piety under Hepliaklqana
 17252 | Orc:1    | Reached skill level 5 in Evocations
 17459 | Orc:1    | Reached skill level 5 in Staves
 17662 | Orc:1    | Reached skill level 5 in Invocations
 17980 | Orc:2    | Entered Level 2 of the Orcish Mines
 18469 | Orc:2    | Reached skill level 11 in Necromancy
 18545 | Orc:2    | Noticed an orc high priest
 18619 | Orc:2    | Killed an orc high priest
 18976 | Orc:2    | Noticed Jorgrun
 18981 | Orc:2    | Noticed an orc high priest
 19334 | Orc:2    | Paralysed by an orc sorcerer for 3 turns
 19341 | Orc:2    | Reached skill level 5 in Fighting
 19486 | Orc:2    | Found Kuacsi's Magic Scroll Boutique.
 19486 | Orc:2    | Found Foimnimm's General Store.
 19487 | Orc:2    | Found Toamic's General Store.
 19492 | Orc:2    | Found Nuwuaxt's Distillery.
 19502 | Orc:2    | Bought a scroll of enchant armour for 112 gold pieces
 19545 | Orc:2    | Found a staircase to the Elven Halls.
 19555 | Orc:2    | Killed an orc high priest
 19671 | Orc:2    | HP: 4/92 [Jorgrun/uncursed staff of earth (14)]
 19673 | Orc:2    | HP: 1/92 [orc priest/divine providence (12)]
 19964 | Orc:2    | Killed Jorgrun
 19964 | Orc:2    | Reached XP level 13. HP: 48/98 MP: 12/12
 20515 | Lair:1   | Entered Level 1 of the Lair of Beasts
 20700 | Lair:1   | Noticed Sonja
 20710 | Lair:1   | Killed Sonja
 20859 | Lair:1   | Noticed Harold
 20881 | Lair:1   | Killed Harold
 20908 | Lair:1   | Reached skill level 5 in Earth Magic
 22074 | Lair:2   | Found a staircase to the Swamp.
 22267 | Lair:2   | Found a hole to the Spider Nest.
 23185 | Lair:3   | Reached ****** piety under Hepliaklqana
 23946 | Lair:4   | Reached skill level 12 in Necromancy
 24394 | Lair:4   | Got a faintly humming helmet
 24405 | Lair:4   | Identified the +0 helmet of the Thirsty Ships {rCorr Int+2}
                  | (You found it on level 4 of the Lair of Beasts)
 24478 | Lair:4   | Found a transporter.
 24478 | Lair:4   | Found a transporter.
 24531 | Lair:4   | Found a bloodstained altar of Trog.
 24562 | Lair:4   | Noticed Hiywul's ghost (journeyman MiHu)
 24566 | Lair:4   | Identified the cursed +1 trident of Cowardice {speed, +Inv
                  | Int+7}
 25551 | Lair:5   | Gained mutation: You resist negative energy. (rN+) [Deep
                  | Dwarf growth]
 25551 | Lair:5   | Reached XP level 14. HP: 74/105 MP: 1/11
 26062 | Lair:6   | Entered Level 6 of the Lair of Beasts
 27402 | Lair:6   | Reached skill level 10 in Spellcasting
 27956 | Lair:6   | Reached skill level 13 in Necromancy
 28203 | Lair:6   | Found a viscous altar of Jiyva.
 28203 | Lair:6   | Found a staircase to the Slime Pits.
 29270 | Spider:1 | Entered Level 1 of the Spider Nest
 29830 | Spider:1 | Found a large runed translucent door.
 29830 | Spider:1 | Found a large runed translucent door.
 29831 | Spider:1 | Noticed RatmanManrat's ghost (journeyman MiBe)
 29890 | Spider:1 | Mangled by a wolf spider

Skill      XL: |  1  2  3  4  5  6  7  8  9 10 11 12 13 14 |
---------------+-------------------------------------------+-----
Spellcasting   | 2 3 4 5 6 7 8 9 10 | 10.2
Necromancy     | 5 6 8 9 10 11 12 13 | 13.3
Stealth        | 3 4 5 6 7 8 9 |  9.8
Fighting       | 1 2 3 4 5 6 |  6.2
Shields        | 1 2 3 4 5 6 7 |  7.2
Dodging        | 3 4 5 6 7 8 |  8.2
Slings         | 1 2 3 4 5 6 |  6.0
Long Blades    | 1 2 |  2.6
Staves         | 1 2 3 4 5 6 |  6.4
Evocations     | 1 3 4 5 7 8 |  8.2
Invocations    | 2 4 5 7 |  7.8
Earth Magic    | 3 4 6 7 |  7.1
Axes           | 2 3 |  3.4
Transmutations | 1 2 3 4 |  4.3
Armour         | 1 2 |  2.8
Short Blades   | |  0.5

Action                   |  1- 3 |  4- 6 |  7- 9 | 10-12 | 13-15 || total
-------------------------+-------+-------+-------+-------+-------++-------
Melee: Whip              |     3 |       |       |       |       ||     3
       Dagger            |    22 |   210 |       |       |       ||   232
       Falchion          |       |    20 |   142 |   176 |       ||   338
       Unarmed           |       |       |     1 |       |       ||     1
       Hand axe          |       |       |       |   266 |   154 ||   420
       Staff             |       |       |       |   145 |   543 ||   688
 Cast: Pain              |    68 |    51 |    92 |    30 |     6 ||   247
       Vampiric Draining |     2 |    47 |    61 |   278 |   266 ||   654
       Animate Dead      |       |       |       |     3 |    18 ||    21
Invok: Recall Ancestor   |       |     1 |     1 |     8 |     4 ||    14
       Ancestor Life: He |       |       |     1 |       |       ||     1
       Idealise          |       |       |       |       |     1 ||     1
 Abil: Heal Wounds       |       |       |     6 |    50 |    27 ||    83
       Evoke Blink       |       |       |       |     1 |     5 ||     6
  Use: Scroll            |       |     8 |     3 |    23 |    10 ||    44
       Potion            |       |       |       |       |     4 ||     4
 Stab: Sleeping          |       |     6 |     4 |     6 |     5 ||    21
       Distracted        |       |     1 |     2 |     6 |    19 ||    28
       Confused          |       |       |       |     6 |    10 ||    16
  Eat: Chunk             |     3 |    17 |    17 |    23 |    17 ||    77
       Ration            |       |       |       |     4 |     5 ||     9
Armor: Robe              |     5 |    87 |    57 |   110 |       ||   259
       Leather armour    |       |       |       |   180 |   385 ||   565
Dodge: Dodged            |    29 |   154 |   155 |   560 |   866 ||  1764
Block: Buckler           |     1 |    34 |    55 |   198 |   321 ||   609
       Rpst.: Falchion   |       |     7 |    42 |    66 |       ||   115
